 Dungeon Crawl Stone Soup version 0.21.1-1-g345015f (webtiles) character file.

616 prawnwizard the Geomancer (level 7, 0/36 HPs)
             Began as a Gargoyle Earth Elementalist on July 9, 2018.
             Slain by an orc (2 damage)
             ... on level 4 of the Dungeon.
             The game lasted 00:10:37 (5076 turns).

prawnwizard the Geomancer (GrEE)                    Turns: 5076, Time: 00:10:37

Health: 0/36       AC:  6    Str: 11    XL:     7   Next: 45%
Magic:  13/13      EV: 12    Int: 18    God:
Gold:   106        SH:  0    Dex: 10    Spells: 13/14 levels left

rFire    . . .     SeeInvis .   p - +0 broad axe
rCold    . . .     Gourm    .   (no shield)
rNeg     + . .     Faith    .   c - +0 robe
rPois    ∞         Spirit   .   (no helmet)
rElec    +         Reflect  .   (no cloak)
rCorr    .         Harm     .   (no gloves)
MR       .....                  (no boots)
Stlth    ++........             l - amulet of magic regeneration
HPRegen  0.12/turn              j - ring of stealth
MPRegen  0.38/turn              (no ring)

@: confused
A: negative energy resistance 1, electricity resistance, unbreathing,
petrification resistance, rot immunity, AC +4
a: no special abilities


You were on level 4 of the Dungeon.
You were not hungry.

You visited 1 branch of the dungeon, and saw 4 of its levels.

You collected 106 gold pieces.

Inventory:

Hand Weapons
 p - a +0 broad axe (weapon)
Missiles
 b - 26 stones (quivered)
Armour
 c - a +0 robe (worn)
Jewellery
 j - a ring of stealth (left hand)
 l - an amulet of magic regeneration (around neck)
 o - an uncursed amulet of guardian spirit
Scrolls
 f - a scroll of enchant weapon {unknown}
 h - a scroll of blinking
 k - 2 scrolls of identify
 n - a scroll of magic mapping
Potions
 g - a potion of mutation {unknown}
 i - 2 potions of cancellation
 m - a potion of degeneration {unknown}
 s - a potion of magic {unknown}
Books
 e - a book of Geomancy

   Spells                             Type                      Level
   a - Sandblast                      Earth                        1
   b - Passwall                       Transmutation/Earth          2
   c - Stone Arrow                    Conjuration/Earth            3
   d - Petrify                        Transmutation/Earth          4
   e - Lee's Rapid Deconstruction     Earth                        5
Comestibles
 a - 2 chunks of flesh
 d - 8 rations


   Skills:
 - Level 1.5 Dodging
 - Level 2.1 Stealth
 + Level 4.4 Spellcasting
   Level 0.7 Transmutations
 * Level 8.5 Earth Magic


You had 13 spell levels left.
You knew the following spells:

 Your Spells              Type           Power        Failure   Level  Hunger
a - Sandblast             Erth           ####..       1%          1    None


Dungeon Overview and Level Annotations

Branches:
Dungeon (4/15)
 Temple: D:4-7

Altars:
Cheibriados
Qazlal


Innate Abilities, Weirdness & Mutations

You are resistant to torment.
Your stone body is resilient. (AC +4)
You are immune to poison.
You resist negative energy. (rN+)
You are resistant to electric shocks. (rElec)
You can survive without breathing.
You are immune to petrification.
You are immune to rotting.


Message History

The orc wizard points at you and mumbles some strange words.
You are confused.
You're too confused to cast spells.
Unknown command.
You closely miss the orc wizard.
The orc wizard is heavily wounded.
You barely miss the orc. The orc barely misses you.
The orc wizard casts a spell at you. The magic dart hits you!
* * * LOW HITPOINT WARNING * * *
The orc hits you but does no damage.
The orc wizard hits you but does no damage.
You're too confused to move!
The orc wizard hits you but does no damage.
The orc closely misses you.
You feel less confused.
The orc wizard gestures at you while chanting.
You are confused.
The orc hits you.
You die...

#####....#....######.#######.##
.......................# #...
.........#######.#####.########
...............................
........########.#...#..#######
..............##'#...#....#
........###.........<##.#.# #
........# #..........##.#.#####
........# #...@.....s#.........
........# #####o##...#..#.#####
.......## #...................#
....... #.###...)......#..#.#
...... ##..)......#....#
#..###..........
##........#.##..
#..###......... ##.# #......#.#


You could see a scorpion (wandering) and an orc.

Vanquished Creatures
  The ghost of blackflag1 the Poker, an amateur MfSk (D:3)
  A sky beast (D:4)
  A scorpion (D:4)
  A howler monkey (D:4)
  2 orc priests (D:4)
  3 gnolls (D:3)
  6 adders
  3 worms
  2 dart slugs
  3 leopard geckos
  5 orcs
  3 giant cockroaches
  5 goblins
  12 hobgoblins
  10 jackals
  A quokka (D:3)
  3 ball pythons (D:2)
  8 bats
  9 frilled lizards
  8 kobolds
  A leopard gecko skeleton (D:4)
  6 rats
94 creatures vanquished.

Notes
Turn   | Place    | Note
-------+----------+-------------------------------------------
     0 | D:1      | prawnwizard the Gargoyle Earth Elementalist began the quest for the Orb.
     0 | D:1      | Reached XP level 1. HP: 10/10 MP: 3/3
    76 | D:1      | Reached skill level 4 in Earth Magic
   293 | D:1      | Reached XP level 2. HP: 11/15 MP: 5/5
  1001 | D:1      | Reached XP level 3. HP: 19/19 MP: 4/6
  1370 | D:2      | Found a stormy altar of Qazlal.
  1858 | D:2      | Reached skill level 5 in Earth Magic
  2133 | D:2      | Reached XP level 4. HP: 24/24 MP: 4/8
  2680 | D:2      | Found a snail-covered altar of Cheibriados.
  3293 | D:3      | Reached skill level 6 in Earth Magic
  3293 | D:3      | Reached XP level 5. HP: 19/28 MP: 5/9
  3308 | D:3      | Noticed blackflag1's ghost (amateur MfSk)
  3578 | D:3      | Killed blackflag1's ghost
  3578 | D:3      | Reached skill level 7 in Earth Magic
  3578 | D:3      | Reached XP level 6. HP: 28/32 MP: 5/11
  4451 | D:4      | Reached XP level 7. HP: 23/36 MP: 13/13
  4707 | D:4      | Reached skill level 8 in Earth Magic
  5076 | D:4      | Slain by an orc

Skill      XL: |  1  2  3  4  5  6  7 |
---------------+----------------------+-----
Earth Magic    | 4 5 6 7 8 |  8.5
Spellcasting   | 3 4 |  4.4
Dodging        | |  1.5
Stealth        | |  2.1
Transmutations | |  0.7

Action                   |  1- 3 |  4- 6 |  7- 9 || total
-------------------------+-------+-------+-------++-------
Melee: Unarmed           |   128 |     2 |       ||   130
       Broad axe         |       |   121 |    47 ||   168
 Cast: Sandblast         |    52 |    43 |     9 ||   104
  Use: Scroll            |       |       |     6 ||     6
 Stab: Sleeping          |     1 |    10 |       ||    11
       Distracted        |       |       |     1 ||     1
  Eat: Chunk             |     5 |     7 |     2 ||    14
Armor: Robe              |    71 |    66 |    38 ||   175
Dodge: Dodged            |   124 |   120 |    31 ||   275
